 Dungeon Crawl Stone Soup version 0.29-a0-187-ga23d9638d5 (webtiles) character file.

Game seed: 15479039484621464724

99 cyrus the Chopper (level 4, -8/41 HPs)
             Began as a Hill Orc Fighter on Feb 21, 2022.
             Killed from afar by a white imp (9 damage)
             ... with a puff of frost
             ... summoned by Natasha
             ... on level 2 of the Dungeon.
             The game lasted 00:02:59 (1910 turns).

cyrus the Chopper (Hill Orc Fighter)                Turns: 1910, Time: 00:02:59

Health: -8/41      AC:  6    Str: 18    XL:     4   Next: 72%
Magic:  4/4        EV:  9    Int: 10    God:
Gold:   53         SH:  4    Dex: 10    Spells: 3/3 levels left

rFire   . . .      SeeInvis .   a - +0 war axe
rCold   . . .      Faith    .   c - +0 buckler
rNeg    . . .      Spirit   .   b - +0 scale mail
rPois   .          Reflect  .   (no helmet)
rElec   .          Harm     .   (no cloak)
rCorr   .          Rampage  .   (no gloves)
Will    .....                   (no boots)
Stlth   ..........              (no amulet)
HPRegen 0.13/turn               (no ring)
MPRegen 0.09/turn               (no ring)

@: slowed, very slow
A: no striking features
a: no special abilities


You were on level 2 of the Dungeon.
You visited 1 branch of the dungeon, and saw 2 of its levels.

You collected 53 gold pieces.

Inventory:

Hand Weapons
 a - a +0 war axe (weapon)
Missiles
 d - 3 throwing nets (quivered)
Armour
 b - a +0 scale mail (worn)
 c - a +0 buckler (worn)
Jewellery
 e - a ring of resist corrosion
Scrolls
 g - 2 scrolls of identify {unknown}
 i - a scroll of fog {unknown}
 j - a scroll of holy word {unknown}
Potions
 f - a potion of flight {unknown}
 h - a potion of experience {unknown}
 k - a potion of heal wounds {unknown}
 l - a potion of degeneration {unknown}


   Skills:
 + Level 4.4 Fighting
 + Level 4.9 Axes
 + Level 3.5 Armour
 + Level 0.2 Dodging
 + Level 0.1 Stealth
 + Level 3.7 Shields


You had 3 spell levels left.
You didn't know any spells.
Your spell library contained the following spells:

 Spells                   Type           Power      Damage    Failure   Level
 Tukima's Dance           Hex            0%         N/A       99%         3
 Anguish                  Hex/Necr       0%         N/A       100%        4
 Enfeeble                 Hex            0%         N/A       100%        7


Dungeon Overview and Level Annotations

Branches:
Dungeon (2/15)

Altars:

Annotations:
D:2 Natasha


Message History

You closely miss the white imp. You barely miss Natasha.
Natasha claws you but does no damage.
The white imp hits you but does no damage.
The white imp gestures at you. The puff of frost hits you!
You hit the white imp but do no damage. You hit Natasha but do no damage.
Natasha claws you!
The white imp hits you but does no damage.
The white imp gestures at you. The puff of frost hits you.
You closely miss the white imp. You barely miss Natasha.
The white imp hits you but does no damage.
Natasha claws you but does no damage. Natasha claws you.
* * * LOW HITPOINT WARNING * * *
The white imp closely misses you. You block the white imp's attack.
Found a stone staircase leading down.
The white imp barely misses you. Natasha casts a spell at you.
You feel yourself slow down. The white imp gestures at you.
The puff of frost hits you.
* * * LOW HITPOINT WARNING * * *
The white imp hits you but does no damage.
Natasha casts a spell at you.
You feel as though you will be slow longer.
Natasha casts a spell at you.
You feel as though you will be slow longer.
Natasha casts a spell at you. You resist with some effort.
You hit Natasha.
Natasha is lightly wounded.
You hit the white imp. You closely miss the white imp.
The white imp disappears in a puff of smoke!
You block the white imp's attack. Natasha barely misses you.
The white imp misses you. Natasha claws you.
* * * LOW HITPOINT WARNING * * *
Natasha mumbles some strange words.
Natasha mumbles some strange words.
The white imp gestures at you. The puff of frost hits you!
You die...

#...............#..
####............##...#
###....####..##...##.#..
.†...†..................
..#.####....###...##.#.>
###.# ...#####5......#
................h5.###
#....... .###...5..#
.....b. # #...@..#
#....... #............
#..................##...
... ..........# #.
.##.......# ...##.....
.### #...... #.....#.


You could see Natasha, a crimson imp (summoned), a white imp (summoned) and a
shadow imp (summoned).

Vanquished Creatures
  Natasha (D:2)
  3 gnolls (D:2)
  An adder (D:2)
  An adder skeleton (D:2)
  3 ball pythons
  3 bats
  9 endoplasms
  3 goblins
  2 jackals (D:1)
  A frilled lizard (D:1)
  2 kobolds (D:1)
  6 rats
35 creatures vanquished.

Notes
Turn   | Place    | Note
-------+----------+-------------------------------------------
     0 | D:1      | cyrus the Hill Orc Fighter began the quest for the Orb.
     0 | D:1      | Reached XP level 1. HP: 19/19 MP: 1/1
   232 | D:1      | Reached XP level 2. HP: 12/27 MP: 2/2
  1130 | D:1      | Reached XP level 3. HP: 33/33 MP: 3/3
  1521 | D:2      | Reached XP level 4. HP: 35/41 MP: 4/4
  1728 | D:2      | Noticed Natasha
  1736 | D:2      | Killed Natasha
  1888 | D:2      | Noticed Natasha
  1908 | D:2      | HP: 1/41 [Natasha (3)]
  1910 | D:2      | Killed from afar by a white imp

Illustrated notes

Levels and vault maps discovered:
D:1:      dpeg_arrival_renting, layout_basic
D:2:      layout_rooms, uniq_natasha

Skill      XL: |  1  2  3 |
---------------+----------+-----
Fighting       | 4 |  4.4
Axes           | 3 4 |  4.9
Armour         | |  3.5
Dodging        | |  0.2
Stealth        | |  0.1
Shields        | |  3.7

Action                   |  1- 3 |  4- 6 || total
-------------------------+-------+-------++-------
Melee: War axe           |    67 |    20 ||    87
  Use: Potion            |     1 |       ||     1
Armor: Scale mail        |    38 |    20 ||    58
Dodge: Dodged            |    49 |    17 ||    66
Block: Buckler           |    20 |     7 ||    27

Table legend: (Time is in decaauts)
 A = Elapsed time spent in this place.
 B = Non-inter-level travel time spent in this place.
 C = Inter-level travel time spent in this place.
 D = Time resting spent in this place.
 E = Time spent auto-exploring this place.
 F = Levels seen in this place.
 G = Mean time per level.
                   A        B        C        D        E       F      G
               +--------+--------+--------+--------+--------+-----+--------+
         Total |   1946 |   1919 |     27 |    686 |    907 |   2 |  973.0 |
       Dungeon |   1946 |   1919 |     27 |    686 |    907 |   2 |  973.0 |
               +--------+--------+--------+--------+--------+-----+--------+

Top non-repeatable levels by time:
     D:1: 1476 daAuts
     D:2: 470 daAuts
